 Dungeon Crawl Stone Soup version 0.18-a0-1702-gd20c6a5 (webtiles) character file.

254 Duffy the Chopper (level 5, -16/41 HPs)
             Began as a Demonspawn Fighter on Apr 7, 2016.
             Demolished by an ogre
             ... wielding a cursed -2 giant spiked club
              (22 damage)
             ... on level 4 of the Dungeon.
             The game lasted 00:01:22 (2129 turns).

Duffy the Chopper (Demonspawn Fighter)              Turns: 2129, Time: 00:01:23

Health: -16/41     AC:  9    Str: 16    XL:     5   Next: 90%
Magic:  5/5        EV:  6    Int: 10    God:
Gold:   56         SH:  8    Dex: 13    Spells: 0 memorised, 4 levels left

rFire  . . .     SeeInvis .     a - +0 war axe
rCold  + . .     Gourm    .     b - +0 scale mail
rNeg   . . .     Faith    .     c - +0 shield
rPois  .         Spirit   .     k - +0 helmet
rElec  .         Dismiss  .     (no cloak)
rCorr  .         Reflect  .     (no gloves)
SustAt .         Harm     .     (no boots)
MR     .....                    (no amulet)
Stlth  ..........               (no ring)
                                (no ring)

@: not resistant to hostile enchantments, extremely unstealthy
A: talons 1, yellow scales 1, cold resistance 1
a: no special abilities


You were on level 4 of the Dungeon.
You were very hungry.

You visited 1 branch of the dungeon, and saw 5 of its levels.

You collected 56 gold pieces.


Innate Abilities, Weirdness & Mutations

You have sharp toenails.
You are partially covered in yellow scales (AC +2).
Your flesh is cold resistant.


   Skills:
 - Level 3.0 Fighting
 + Level 5.7 Axes
 - Level 2.6 Armour
 - Level 2.6 Shields


You had 4 spell levels left.
You didn't know any spells.

Inventory:

Hand Weapons
 a - a +0 war axe (weapon)
Armour
 b - a +0 scale mail (worn)
 c - a +0 shield (worn)
 k - a +0 helmet (worn)
Scrolls
 e - a scroll of identify {unknown}
 g - 2 scrolls of magic mapping {unknown}
 i - a scroll of enchant weapon {unknown}
 j - a scroll of immolation {unknown}
 n - a scroll of amnesia {unknown}
 p - a scroll of enchant armour {unknown}
Potions
 d - a potion of might
 h - a potion of lignification {unknown}
 m - a potion of heal wounds {unknown}
Comestibles
 f - a bread ration
 l - a royal jelly

Dungeon Overview and Level Annotations

Branches:
Dungeon (5/15)
 Temple: D:4-7

Altars:


Message History

The ogre hits you with a giant spiked club.
There is a stone staircase leading down here.
You climb downwards.
There is a stone staircase leading up here.
You start resting.
You are feeling very hungry.
You start resting.
HP restored.
You climb upwards.
The ogre hits you with a giant spiked club!!
Ouch! That really hurt!
There is a stone staircase leading down, spattered with blood here.
You are too injured to fight recklessly!
You are too injured to fight recklessly!
You are too injured to fight recklessly!
You are too injured to fight recklessly!
You are too injured to fight recklessly!
You are too injured to fight recklessly!
You are too injured to fight recklessly!
You are too injured to fight recklessly!
You are too injured to fight recklessly!
You are too injured to fight recklessly!
You are too injured to fight recklessly!
You are too injured to fight recklessly!
You slash the ogre! You claw the ogre, but do no damage.
The ogre is moderately wounded.
The ogre hits you with a giant spiked club!
You slash the ogre! Your kick misses the ogre.
The ogre is severely wounded.
The ogre closely misses you.
You closely miss the ogre.
The ogre is severely wounded.
The ogre hits you with a giant spiked club!!
Ouch! That really hurt!
You die...

#...................
##.................#
#................####
#.....##............#
#...####............# ...
#...####.####.......# ...
#......#.####.......#....
######......O....#.......#....
#<....%......@...............
######................)..#
#.............###...#
#......###....####''####
#........######........##
##....... #..........#
#....... #............ #......
#............. ..............


You could see an ogre.

Action                   |  1- 3 |  4- 6 || total
-------------------------+-------+-------++-------
Melee: War axe           |    61 |    85 ||   146
  Eat: Chunk             |       |     3 ||     3

Notes
Turn   | Place    | Note
--------------------------------------------------------------
     0 | D:1      | Duffy the Demonspawn Fighter began the quest for the Orb.
     0 | D:1      | Reached XP level 1. HP: 18/18 MP: 1/1
    32 | D:1      | Reached skill level 2 in Axes
   157 | D:1      | Gained mutation: You have sharp toenails. [demonic ancestry]
   157 | D:1      | Reached XP level 2. HP: 24/24 MP: 2/2
   379 | D:2      | Reached skill level 3 in Axes
   452 | D:2      | Reached XP level 3. HP: 24/29 MP: 3/3
   604 | D:3      | Noticed Robin
   614 | D:3      | Killed Robin
   960 | D:3      | Gained mutation: Your flesh is cold resistant. [demonic ancestry]
   960 | D:3      | Reached XP level 4. HP: 26/35 MP: 4/4
  1160 | D:3      | Reached skill level 4 in Axes
  1556 | D:3      | Gained mutation: You are partially covered in yellow scales (AC +2). [demonic ancestry]
  1556 | D:3      | Reached XP level 5. HP: 4/41 MP: 5/5
  1881 | D:4      | Reached skill level 5 in Axes
  1908 | D:4      | Noticed an ogre
  1912 | D:4      | Noticed an ogre
  1920 | D:4      | Killed an ogre
  1930 | D:5      | Entered Level 5 of the Dungeon
  2129 | D:4      | Demolished by an ogre

Vault maps used:
D:1:      sevenhm_arrival_forest_fort_small_6
D:2:      grunt_temple_overflow_growth_and_decay, first_bread,
          ecumenical_altar_1
D:3:      uniq_robin
D:4:      kennysheep_big_flooded_room, lemuel_temple_firewalk_marked
D:5:      grunt_gozag_statues, uniq_grinder

Vanquished Creatures
  An ogre
  An orc wizard
  A centaur skeleton Robin
  4 adders
  3 worms
  5 orcs
  A bat
  A giant cockroach
  11 goblins
  7 hobgoblins
  12 jackals
  A quokka
  A ball python
  A giant gecko skeleton
  2 kobolds
  6 rats
59 creatures vanquished.
